 Dungeon Crawl Stone Soup version 0.27-a0-1084-g78b3836a5f (webtiles) character file.

Game seed: 5924086704127614969

30 tardwrangler69 the Poker (level 3, -1/29 HPs)
             Began as a Merfolk Gladiator on Apr 26, 2021.
             Was a Follower of Ashenzari.
             Succumbed to a water moccasin's poison
             ... on level 3 of the Dungeon.
             The game lasted 00:02:08 (2151 turns).

tardwrangler69 the Poker (Merfolk Gladiator)        Turns: 2151, Time: 00:02:09

Health: -1/29      AC:  5    Str: 15    XL:     3   Next: 18%
Magic:  3/3        EV: 13    Int:  7    God:    Ashenzari [*.....]
Gold:   76         SH:  0    Dex: 15    Spells: 2/2 levels left

rFire    . . .     SeeInvis .   a - +0 trident "Seeker of Ashenzari" {Self, Fort} (curse)
rCold    . . .     Faith    .   (no shield)
rNeg     . . .     Spirit   .   b - +0 leather armour
rPois    .         Reflect  .   c - +0 helmet "Oracular Prison" {Comp, Elem} (curse)
rElec    .         Harm     .   j - +0 cloak
rCorr    .         Rampage  .   (no gloves)
Will     .....                  (no boots)
Stlth    +.........             (no amulet)
HPRegen  0.09/turn              (no ring)
MPRegen  0.08/turn              (no ring)

@: lethally poisoned (-1 -> -9)
A: (nimble swimmer 2), mertail
a: Renounce Religion, Shatter the Chains


You were on level 3 of the Dungeon.
You worshipped Ashenzari.
Ashenzari was aware of your devotion.
You visited 1 branch of the dungeon, and saw 3 of its levels.

You collected 76 gold pieces.

Inventory:

Hand Weapons
 a - the cursed +0 trident "Seeker of Ashenzari" (weapon) {Self, Fort}

   It has a curse which improves the following skills: Introspection: Fighting
   and Spellcasting.
   Fortitude: Armour and Shields.
Missiles
 d - 3 throwing nets (quivered)
 f - 14 poisoned darts
Armour
 b - a +0 leather armour (worn)
 c - the cursed +0 helmet "Oracular Prison" (worn) {Comp, Elem}

   It has a curse which improves the following skills: Companions: Summonings
   and Necromancy.
   Elements:  Fire Magic, Ice Magic, Air Magic and Earth Magic.
 g - a +1 leather armour of cold resistance
 j - a +0 cloak (worn)
Jewellery
 i - a +4 ring of evasion
Potions
 e - a potion of might
 h - 2 potions of lignification


   Skills:
 + Level 2.7(3.6) Fighting
 * Level 5.5 Polearms
 - Level 2.0 Throwing
 - Level 4.2 Dodging


You had 2 spell levels left.
You didn't know any spells.
Your spell library was empty.

Dungeon Overview and Level Annotations

Branches:
Dungeon (3/15)

Altars:
Ashenzari


Innate Abilities, Weirdness & Mutations

((You are quick and stealthy near water. (Stealth+, EV+, Speed+++)))
Your lower body shifts to a powerful aquatic tail in water.


Message History

There are monsters nearby!
There are monsters nearby!
The water moccasin hisses angrily.
You hear an angry hiss.
You hit the adder but do no damage. The adder closely misses you.
You miss the adder. The adder closely misses you.
A scorpion comes into view.
An adder skeleton comes into view.
You hit the water moccasin.
The water moccasin is lightly wounded.
The adder skeleton misses you. The water moccasin bites you.
You hit the water moccasin but do no damage.
The water moccasin is lightly wounded.
The water moccasin closely misses you. The adder skeleton barely misses you.
The water moccasin closely misses you. The adder skeleton barely misses you.
The water moccasin bites you but does no damage.
The water moccasin closely misses you. The water moccasin closely misses you.
The water moccasin closely misses you.
You barely miss the water moccasin.
The water moccasin barely misses you. x2
You closely miss the water moccasin. The water moccasin bites you.
You hit the water moccasin.
The water moccasin is lightly wounded.
The water moccasin bites you!
You closely miss the water moccasin.
The water moccasin is lightly wounded.
The water moccasin misses you. The water moccasin barely misses you.
You closely miss the water moccasin.
The water moccasin is lightly wounded.
The water moccasin bites you but does no damage.
You barely miss the water moccasin.
The water moccasin is lightly wounded.
The water moccasin closely misses you. The water moccasin bites you!
The water moccasin bites you!
* * * LOW HITPOINT WARNING * * *
You are lethally poisoned!
The water moccasin poisons you!
* * * LOW HITPOINT WARNING * * *
You feel very sick.
Okay, then.
You die...

.......<.###..#
........l.....#
#........###..#
.<............##.#
.##....#####..##.#
..#..# #..##.##.#
##....# #lZ##.##.#
..##.# #..##.##.#
#@# ##...#.##.#
#S# #......##.#
#S#####......##.##
#.s..slZ.........#
#######..........#
#.....###..#
#..#.## #..#
#..#.# #..#
##########
#..#.####..#


You could see a water moccasin, a scorpion and an adder.

Vanquished Creatures
  A bat (D:1)
  3 endoplasms
  2 hobgoblins (D:1)
  3 jackals (D:2)
  A quokka (D:1)
  A ball python (D:2)
  3 frilled lizards
  4 goblins
  3 kobolds
  7 rats
28 creatures vanquished.

Notes
Turn   | Place    | Note
-------+----------+-------------------------------------------
     0 | D:1      | tardwrangler69 the Merfolk Gladiator began the quest for
                  | the Orb.
     0 | D:1      | Reached XP level 1. HP: 16/16 MP: 1/1
   504 | D:1      | Reached XP level 2. HP: 22/23 MP: 2/2
   836 | D:1      | Reached skill level 5 in Polearms
   891 | D:1      | Found a faded altar of an unknown god.
   922 | D:1      | Became a worshipper of Ashenzari the Shackled
  1991 | D:3      | Reached * piety under Ashenzari
  2004 | D:3      | Reached XP level 3. HP: 29/29 MP: 3/3
  2122 | D:3      | Noticed a water moccasin
  2125 | D:3      | Noticed a scorpion
  2150 | D:3      | HP: 1/29 [poisoned by a water moccasin]
  2151 | D:3      | Succumbed to a water moccasin's poison

Illustrated notes

Levels and vault maps discovered:
D:1:      psy_arrival_whirlpool, layout_basic,
          hellmonk_ecumenical_altar_inner_sanctum
D:2:      layout_basic
D:3:      layout_loops_ring

Skill      XL: |  1  2 |
---------------+-------+-----
Polearms       | 5 |  5.5
Fighting       | |  2.7
Throwing       | |  2.0
Dodging        | |  4.2

Action                   || total
-------------------------++-------
Melee: Trident           ||    85
Invok: Curse Item        ||     2
 Stab: Sleeping          ||     2
Armor: Leather armour    ||     9
Dodge: Dodged            ||    41

Table legend: (Time is in decaauts)
 A = Elapsed time spent in this place.
 B = Non-inter-level travel time spent in this place.
 C = Inter-level travel time spent in this place.
 D = Time resting spent in this place.
 E = Time spent auto-exploring this place.
 F = Levels seen in this place.
 G = Mean time per level.
                   A        B        C        D        E       F      G
               +--------+--------+--------+--------+--------+-----+--------+
         Total |   2155 |   2049 |    106 |      0 |   1824 |   3 |  718.3 |
       Dungeon |   2155 |   2049 |    106 |      0 |   1824 |   3 |  718.3 |
               +--------+--------+--------+--------+--------+-----+--------+

Top non-repeatable levels by time:
     D:2: 993 daAuts
     D:1: 990 daAuts
     D:3: 171 daAuts
